 Dungeon Crawl Stone Soup version 0.25.0-41-g26779e291d (webtiles) character file.

Game seed: 15255954211521298993

3028 wojtek the Covered (level 9, -14/79 HPs)
             Began as a Minotaur Fighter on July 10, 2020.
             Was a Follower of Makhleb.
             Demolished by a komodo dragon (19 damage)
             ... on level 8 of the Dungeon.
             The game lasted 00:07:19 (8567 turns).

wojtek the Covered (Minotaur Fighter)               Turns: 8567, Time: 00:07:19

Health: -14/79     AC: 10    Str: 24    XL:     9   Next: 55%
Magic:  11/11      EV:  8    Int:  5    God:    Makhleb [*.....]
Gold:   481        SH: 16    Dex: 13    Spells: 8/8 levels left

rFire    . . .     SeeInvis .   x - +3 whip of Xumudosheo {freeze, *Contam rElec Dex+3 Stlth+}
rCold    . . .     Gourm    .   c - +0 kite shield
rNeg     . . .     Faith    .   I - +0 chain mail
rPois    .         Spirit   .   (helmet restricted)
rElec    +         Reflect  +   (no cloak)
rCorr    .         Harm     .   (no gloves)
MR       .....                  (no boots)
Stlth    ..........             j - amulet of reflection
HPRegen  0.23/turn              (no ring)
MPRegen  0.12/turn              (no ring)

@: no status effects
A: retaliatory headbutt, horns 2
a: Renounce Religion


You were on level 8 of the Dungeon.
You worshipped Makhleb.
Makhleb was aware of your devotion.
You were hungry.

You visited 2 branches of the dungeon, and saw 9 of its levels.
You also visited: Sewer.

You collected 481 gold pieces.

Inventory:

Hand Weapons
 a - a +0 war axe
 x - the +3 whip of Xumudosheo (weapon) {freeze, *Contam rElec Dex+3 Stlth+}
   (You found it on level 4 of the Dungeon)

   It has been specially enchanted to freeze those struck by it, causing extra
   injury to most foes and up to half again as much damage against particularly
   susceptible opponents.
   It can also slow down cold-blooded creatures.
   It affects your dexterity (+3).
   It insulates you from electricity.
   It causes magical contamination when unequipped.
   It makes you more stealthy.
Missiles
 e - 240 stones (quivered)
 g - 31 poisoned darts
Armour
 c - a +0 kite shield (worn)
 I - a +0 chain mail (worn)
Jewellery
 j - an amulet of reflection (around neck)
 q - an uncursed ring of protection from cold {unknown}
Wands
 A - a wand of enslavement (12)
 D - a wand of disintegration (13)
 F - a wand of acid (9)
Scrolls
 h - 2 scrolls of teleportation {unknown}
 i - 3 scrolls of amnesia {unknown}
 k - 6 scrolls of remove curse {unknown}
 m - 2 scrolls of fog {unknown}
 o - a scroll of magic mapping {unknown}
 p - 11 scrolls of identify {unknown}
 s - a scroll of vulnerability {unknown}
 w - a scroll of fear {unknown}
 y - a scroll of enchant armour {unknown}
 z - a scroll of enchant weapon {unknown}
 E - a scroll of acquirement {unknown}
 G - a scroll of holy word {unknown}
Potions
 d - a potion of might
 l - 3 potions of stabbing {unknown}
 n - 3 potions of lignification {unknown}
 r - 3 potions of flight {unknown}
 t - 3 potions of haste
 u - a potion of magic {unknown}
 v - 2 potions of brilliance {unknown}
 B - a potion of mutation {unknown}
 C - a potion of heal wounds
Comestibles
 b - 4 chunks of flesh
 f - 16 rations


   Skills:
 + Level 7.3 Fighting
 - Level 7.0(7.9) Axes
 + Level 5.5(7.1) Maces & Flails
 + Level 7.4 Armour
 + Level 3.1 Dodging
 + Level 7.3 Shields
 * Level 4.3 Invocations
 + Level 2.5 Evocations


You had 8 spell levels left.
You didn't know any spells.
Your spell library contained the following spells:

 Spells                   Type           Power        Failure   Level  Hunger
 Beastly Appendage        Tmut           #.....       100%        1    ##.....
 Sticks to Snakes         Tmut           #.......     100%        2    ###....
 Spider Form              Tmut/Pois      #.........   100%        3    ####...
 Ice Form                 Ice/Tmut       #.......     100%        4    #####..
 Blade Hands              Tmut           #.........   100%        5    ######.


Dungeon Overview and Level Annotations

Branches:
Dungeon (8/15)             Temple (1/1) D:6           Sewer (visited)
   Lair: D:8-11

Altars:
Ashenzari
Cheibriados
Dithmenos
Elyvilon
Fedhas
Gozag
Hepliaklqana
Kikubaaqudgha
Makhleb
Nemelex Xobeh
Okawaru
Qazlal
Ru
Sif Muna
Trog
Uskayaw
Vehumet
Wu Jian
Xom
Yredelemnul
Zin
The Shining One

Annotations:
D:3 2 transporters, SamuraiZach's ghost, amateur TrBe


Innate Abilities, Weirdness & Mutations

You reflexively headbutt those who attack you in melee.
You have a pair of horns on your head.


Message History

* * * LOW HITPOINT WARNING * * *
You hit the komodo dragon. You freeze the komodo dragon.
The komodo dragon is heavily wounded.
The komodo dragon is no longer moving slowly.
You barely miss the komodo dragon.
The komodo dragon is heavily wounded.
You block the komodo dragon's attack.
You whack the komodo dragon!
The komodo dragon seems to slow down.
You freeze the komodo dragon.
You headbutt the komodo dragon, but do no damage.
The komodo dragon is severely wounded.
The komodo dragon bites you.
* * * LOW HITPOINT WARNING * * *
You hit the komodo dragon. You freeze the komodo dragon.
You headbutt the komodo dragon, but do no damage.
The komodo dragon is almost dead.
Your shield and chain mail prevent you from hitting the komodo dragon.
The komodo dragon is almost dead.
The komodo dragon bites you!!
You die...

##### #####.#.#
##........ ###
##รท...###..
#######.#####
####..#### ###
#>.........@###.l.###
#.
#.##########l..####
## #.# ##### #.# #.#
#.# ### ##########
#.# #.# #........#
####.# ###.#
###.###### #....#
#...# #...#


You could see a komodo dragon (slow).

Vanquished Creatures
  Grinder (D:5)
  A wyvern (D:8)
  An acid dragon (D:8)
  An orc warrior (D:6)
  Purgy (Sewer)
  A phantom (D:5)
  4 centaurs
  4 crocodiles (D:8)
  4 ogres
  Blork the orc (D:6)
  4 bullfrogs
  2 scorpions (D:5)
  4 electric eels (D:7)
  A howler monkey (D:6)
  2 crimson imps
  A quasit (D:6)
  A jelly (D:5)
  3 orc priests
  A bullfrog skeleton (D:8)
  A centaur skeleton (D:8)
  2 worker ants
  2 iguanas
  3 orc wizards
  A killer bee zombie (D:7)
  4 gnolls (D:3)
  6 adders
  2 shadow imps
  An ooze (D:4)
  6 worms
  2 dart slugs
  7 leopard geckos
  24 orcs
  3 ball pythons
  13 bats
  4 giant cockroaches
  4 goblins
  4 hobgoblins
  11 jackals
  12 kobolds
  7 quokkas
  6 frilled lizards
  A jackal zombie (D:6)
  A leopard gecko zombie (D:5)
  A quokka skeleton (D:5)
  10 rats
176 creatures vanquished.

Notes
Turn   | Place    | Note
-------+----------+-------------------------------------------
     0 | D:1      | wojtek the Minotaur Fighter began the quest for the Orb.
     0 | D:1      | Reached XP level 1. HP: 19/19 MP: 0/0
   114 | D:1      | Reached XP level 2. HP: 22/26 MP: 1/1
   849 | D:2      | Reached XP level 3. HP: 31/31 MP: 2/2
  1192 | D:2      | Reached skill level 5 in Axes
  1408 | D:3      | Reached XP level 4. HP: 34/39 MP: 3/3
  1489 | D:3      | Found a glowing drain.
  1496 | Sewer    | Entered a sewer
  1535 | Sewer    | Noticed Purgy
  1544 | Sewer    | Killed Purgy
  1544 | Sewer    | Reached XP level 5. HP: 41/45 MP: 4/4
  1801 | D:3      | Found a radiant altar of Vehumet.
  1837 | D:3      | Found a transporter.
  2117 | D:3      | Found a transporter.
  2118 | D:3      | Noticed SamuraiZach's ghost (amateur TrBe)
  2310 | D:3      | Reached XP level 6. HP: 38/52 MP: 5/5
  2999 | D:4      | Got a warped whip
  3003 | D:4      | Identified the +3 whip of Xumudosheo {freeze, *Contam rElec
                  | Dex+3 Stlth+} (You found it on level 4 of the Dungeon)
  3758 | D:4      | Reached skill level 5 in Fighting
  3758 | D:4      | Reached skill level 1 in Maces & Flails
  3758 | D:4      | Reached skill level 5 in Shields
  3758 | D:4      | Reached XP level 7. HP: 57/61 MP: 6/6
  3808 | D:4      | Reached skill level 5 in Armour
  4026 | D:5      | Entered Level 5 of the Dungeon
  4255 | D:5      | Noticed Grinder
  4268 | D:5      | Paralysed by Grinder for 2 turns
  4281 | D:5      | Paralysed by Grinder for 7 turns
  4294 | D:5      | Killed Grinder
  4589 | D:5      | Reached XP level 8. HP: 63/70 MP: 7/7
  4950 | D:6      | Found a staircase to the Ecumenical Temple.
  4972 | Temple   | Entered the Ecumenical Temple
  5217 | Temple   | Became a worshipper of Makhleb the Destroyer
  5349 | D:6      | Noticed Blork the orc
  5357 | D:6      | Killed Blork the orc
  5357 | D:6      | Reached skill level 1 in Invocations
  5485 | D:6      | Reached skill level 1 in Dodging
  5585 | D:6      | Reached skill level 1 in Evocations
  6553 | D:7      | Reached XP level 9. HP: 25/78 MP: 10/10
  7344 | D:7      | Reached * piety under Makhleb
  7344 | D:7      | Reached skill level 5 in Maces & Flails
  7719 | D:8      | Found a sparkling altar of Nemelex Xobeh.
  8514 | D:8      | Noticed a komodo dragon
  8567 | D:8      | Demolished by a komodo dragon

Illustrated notes

Levels and vault maps discovered:
D:1:      psy_arrival_whirlpool, layout_loops_cross, serial_bayou_pond_e,
          corexii_hall_statues_s, minmay_heptomino_h4
D:2:      layout_basic
D:3:      layout_basic, vehumet_crystals, gammafunk_ghost_mausoleum,
          gup_sewer_entry_spiral, first_ration
D:4:      layout_layer_cave
D:5:      layout_rooms, uniq_grinder
D:6:      layout_basic, minmay_temple_entry_stoned_glass,
          minmay_increasing_density, uniq_blork_the_orc
D:7:      layout_basic, serial_bayou, serial_bayou_crossing,
          serial_bayou_pond_d, serial_bayou_shore_b, serial_bayou_lake_a,
          grunt_ogre_cave
D:8:      layout_loops_ring, erik_lair_dragon, nemelex_diamond_rough_becter
Temple:   nicolae_temple_the_god_donut

Skill      XL: |  1  2  3  4  5  6  7  8  9 |
---------------+----------------------------+-----
Axes           | 3 4 5 6 7 |  7.0
Fighting       | 4 5 6 7 |  7.3
Armour         | 4 6 7 |  7.4
Shields        | 4 5 6 7 |  7.3
Maces & Flails | 1 3 4 5 |  5.5
Invocations    | 2 4 |  4.3
Dodging        | 2 3 |  3.1
Evocations     | 1 2 |  2.5

Action                   |  1- 3 |  4- 6 |  7- 9 || total
-------------------------+-------+-------+-------++-------
Melee: War axe           |    94 |   107 |       ||   201
       Headbutt          |    19 |    23 |    70 ||   112
       Whip              |       |    34 |   280 ||   314
Evoke: Wand              |       |       |     1 ||     1
  Eat: Chunk             |     2 |     7 |    15 ||    24
Armor: Scale mail        |    64 |    56 |    37 ||   157
       Chain mail        |       |       |     3 ||     3
Dodge: Dodged            |    33 |    43 |    51 ||   127
Block: Kite shield       |    46 |    71 |   149 ||   266
       Reflection        |       |       |    14 ||    14
